 Dungeon Crawl Stone Soup version 0.28.0-43-g3370ac3207 (webtiles) character file.

Game seed: 12625033940377818748

539 protoss039 the Magician (level 7, -1/36 HPs)
             Began as a Deep Elf Earth Elementalist on Mar 4, 2022.
             Slain by a water moccasin (3 damage)
             ... on level 5 of the Dungeon.
             The game lasted 00:10:47 (4047 turns).

protoss039 the Magician (DEEE)                      Turns: 4047, Time: 00:10:52

Health: -1/36      AC:  7    Str:  5    XL:     7   Next: 5%
Magic:  1/19       EV: 12    Int: 22    God:
Gold:   54         SH:  5    Dex: 15    Spells: 10/20 levels left

rFire   . . .      SeeInvis .   g - +0 spear
rCold   . . .      Faith    .   (no shield)
rNeg    . . .      Spirit   .   b - +0 robe
rPois   .          Reflect  +   (no helmet)
rElec   .          Harm     .   (no cloak)
rCorr   .          Rampage  .   (no gloves)
Will    .....                   o - +0 pair of boots
Stlth   ++........              h - amulet of reflection
HPRegen 0.12/turn               a - +4 ring of protection
MPRegen 0.16/turn               (no ring)

@: lethally poisoned (-1 -> -16), about to teleport, flying
A: no striking features
a: no special abilities


You were on level 5 of the Dungeon.
You visited 1 branch of the dungeon, and saw 5 of its levels.
You also visited: Sewer.

You collected 54 gold pieces.

Inventory:

Hand Weapons
 g - a +0 spear (weapon)
Missiles
 c - 35 stones
Armour
 b - a +0 robe (worn)
 o - a +0 pair of boots (worn)
Jewellery
 a - a +4 ring of protection (left hand)
 h - an amulet of reflection (around neck)
Wands
 n - a wand of flame (14)
Scrolls
 e - a scroll of identify
 i - a scroll of teleportation
 l - a scroll of fog {unknown}
Potions
 d - a potion of flight
 f - a potion of lignification {unknown}
 j - 2 potions of mutation {unknown}
 k - a potion of haste {unknown}
 m - a potion of magic {unknown}


   Skills:
 - Level 2.4 Dodging
 - Level 2.4 Stealth
 - Level 0.3 Shields
 + Level 7.0 Spellcasting
 + Level 1.6 Conjurations
 + Level 1.3 Transmutations
 + Level 6.6 Earth Magic


You had 10 spell levels left.
You knew the following spells:

 Your Spells              Type           Power      Damage    Failure   Level
a - Sandblast             Erth           74%        2d16      1%          1
b - Passwall              Tmut/Erth      20%        N/A       2%          2
c - Stone Arrow           Conj/Erth      50%        3d10      4%          3
d - Petrify               Tmut/Erth      25%        N/A       16%         4

Your spell library contained the following spells:

 Spells                   Type           Power      Damage    Failure   Level
 Sting                    Tmut/Pois      40%        1d5       6%          1
 Poisonous Vapours        Pois/Air       14%        N/A       12%         2
 Animate Armour           Summ/Erth      44%        N/A       21%         4
 Olgreb's Toxic Radiance  Pois           7%         N/A       63%         4
 Lehudib's Crystal Spear  Conj/Erth      12%        10d4      100%        8


Dungeon Overview and Level Annotations

Branches:
Dungeon (6/15)             Temple (0/1) D:5           Sewer (visited)

Altars:

Shops:
D:2 =:=


Message History

The wyvern zombie is almost destroyed.
The water moccasin bites you! The phantom hits you.
The phantom blinks!
You blink.
An adder comes into view.
Reach: g) +0 spear
Press: ? - help, Dir - move target, f/p - wyvern zombie
Aim: a wyvern zombie (almost destroyed, about 21% to evade your +0 spear)
Okay, then.
Casting: Stone Arrow (dangerous; 4% risk of failure)
Confirm with . or Enter, or press ? or * to list all spells.
Aiming: Sandblast (safe; 1% risk of failure)
Press: ? - help, Shift-Dir - straight line, f/p - wyvern zombie
Aim: a wyvern zombie (almost destroyed, 94% to hit)
The blast of sand hits the wyvern zombie.
The wyvern zombie is almost destroyed.
The wyvern zombie barely misses you. The phantom hits you.
* * * LOW HITPOINT WARNING * * *
The phantom blinks!
You blink.
Unknown command.
Sorry, you're not good enough to have a special ability.
As you read the scroll labelled MUMICO UPEM, it crumbles to dust.
It is a scroll of identify.
i - 2 scrolls of teleportation The phantom barely misses you.
Unknown command.
You block the phantom's attack. The water moccasin closely misses you.
As you read the scroll of teleportation, it crumbles to dust.
You feel strangely unstable. The water moccasin bites you.
* * * LOW HITPOINT WARNING * * *
You are lethally poisoned!
The water moccasin poisons you!
Unknown command.
Unknown command.
It was a potion of flight.
You feel very buoyant.
You fly up into the air.
* * * LOW HITPOINT WARNING * * *
You feel very sick. The water moccasin bites you.
You die...

.. .. ## #. .#
#.#.# #...# ...
#$# #@#
######S##
#....ZWS# .
#.......#.#
#..............
#......#.######
#......#.##
###.......##♣
#.........♣


You could see a phantom, a water moccasin, an adder and a wyvern zombie.

Vanquished Creatures
  An ice beast (D:5)
  3 kobold brigands (Sewer)
  An iguana (D:6)
  4 gnolls (D:2)
  8 adders
  4 river rats
  6 worms
  A dart slug (D:2)
  8 ball pythons
  7 endoplasms
  4 giant cockroaches
  9 goblins
  4 hobgoblins
  7 kobolds
  4 quokkas
  3 bats
  3 frilled lizards
  8 rats
85 creatures vanquished.

Notes
Turn   | Place    | Note
-------+----------+-------------------------------------------
     0 | D:1      | protoss039 the Deep Elf Earth Elementalist began the quest
                  | for the Orb.
     0 | D:1      | Reached XP level 1. HP: 10/10 MP: 6/6
    32 | D:1      | Found a faded altar of an unknown god.
   206 | D:1      | Reached XP level 2. HP: 10/15 MP: 6/8
   834 | D:1      | Learned a level 2 spell: Passwall
   946 | D:2      | Reached XP level 3. HP: 19/19 MP: 5/10
   968 | D:2      | Reached skill level 4 in Spellcasting
  1065 | D:2      | Found Rodoych's Jewellery Boutique.
  1299 | D:2      | Learned a level 3 spell: Stone Arrow
  1317 | D:2      | Found Godwureb's Book Emporium.
  1394 | D:2      | Found Saab's Jewellery Shop.
  1440 | D:2      | Reached XP level 4. HP: 21/24 MP: 10/12
  1712 | D:2      | Learned a level 4 spell: Petrify
  1858 | D:3      | Reached skill level 5 in Earth Magic
  1987 | D:3      | Found a glowing drain.
  1994 | Sewer    | Entered a sewer
  2195 | Sewer    | Noticed a kobold brigand
  2374 | Sewer    | Reached XP level 5. HP: 22/28 MP: 9/14
  2478 | Sewer    | Reached skill level 5 in Spellcasting
  2831 | Sewer    | Reached skill level 6 in Spellcasting
  2831 | Sewer    | Reached XP level 6. HP: 29/32 MP: 10/17
  3917 | D:3      | You fall into a shaft and drop 3 floors!
  3949 | D:6      | Reached skill level 1 in Conjurations
  3964 | D:5      | Entered Level 5 of the Dungeon
  4026 | D:5      | Found a staircase to the Ecumenical Temple.
  4028 | D:5      | Noticed an ice beast
  4032 | D:5      | Killed an ice beast
  4033 | D:5      | Reached skill level 7 in Spellcasting
  4033 | D:5      | Reached XP level 7. HP: 36/36 MP: 5/19
  4047 | D:5      | Slain by a water moccasin

Illustrated notes

Levels and vault maps discovered:
D:1:      psy_arrival_fountain, layout_rooms, chequers_ecumenical_altar_island
D:2:      layout_rooms, serial_shops, nicolae_shop_hallway_stairs, shop, shop,
          kennysheep_cross_room
D:3:      layout_basic, gup_sewer_entry_spiral, minmay_ruptured
D:5:      layout_basic, minmay_temple_entry_water_ring, serial_bayou_crossing
D:6:      layout_cave_pods, gammafunk_temple_overflow_arena, minmay_checkerbox

Skill      XL: |  1  2  3  4  5  6 |
---------------+-------------------+-----
Earth Magic    | 4 5 6 |  6.6
Spellcasting   | 4 6 7 |  7.0
Conjurations   | 1 |  1.6
Dodging        | |  2.4
Stealth        | |  2.4
Shields        | |  0.3
Transmutations | |  1.3

Action                   |  1- 3 |  4- 6 |  7- 9 || total
-------------------------+-------+-------+-------++-------
Melee: Dagger            |    25 |       |       ||    25
       Punch             |     1 |       |       ||     1
       Spear             |    15 |    42 |     2 ||    59
 Cast: Sandblast         |    30 |    48 |     1 ||    79
       Stone Arrow       |       |    35 |     2 ||    37
  Use: Scroll            |       |       |     2 ||     2
       Potion            |       |       |     1 ||     1
 Stab: Sleeping          |     2 |     4 |       ||     6
Armor: Robe              |     6 |    11 |       ||    17
Dodge: Dodged            |    24 |    32 |     7 ||    63
Block: Other             |     3 |    13 |     1 ||    17
       Reflection        |       |     1 |       ||     1
